 Dungeon Crawl Stone Soup version 0.25.1-2-g60ff931df9 (webtiles) character file.

Game seed: 17684071182451106110

1986 Madoushi the Cleaver (level 9, 0/118 HPs)
             Began as a Minotaur Berserker on Oct 2, 2020.
             Was a Priest of Trog.
             Succumbed to a killer bee's poison
             ... on level 7 of the Dungeon on Oct 26, 2020.
             The game lasted 00:22:39 (7369 turns).

Madoushi the Cleaver (Minotaur Berserker)           Turns: 7369, Time: 00:22:40

Health: 0/118      AC: 10    Str: 25    XL:     9   Next: 1%
Magic:  8/8        EV: 13    Int:  4    God:    Trog [***...]
Gold:   429        SH:  0    Dex: 10    Spells: 8/8 levels left

rFire    . . .     SeeInvis .   a - +0 hand axe
rCold    . . .     Gourm    .   (no shield)
rNeg     . . .     Faith    .   v - +0 ring mail
rPois    .         Spirit   .   (helmet restricted)
rElec    .         Reflect  .   (no cloak)
rCorr    .         Harm     .   (no gloves)
MR       .....                  (no boots)
Stlth    ..........             (no amulet)
HPRegen  0.29/turn              k - +4 ring of protection
MPRegen  0.11/turn              (no ring)

@: berserking, lethally poisoned (0 -> -17), slowed
A: retaliatory headbutt, horns 2
a: Berserk, Trog's Hand, Renounce Religion


You were on level 7 of the Dungeon.
You worshipped Trog.
Trog was most pleased with you.
You were very hungry.

You visited 1 branch of the dungeon, and saw 7 of its levels.

You collected 429 gold pieces.

Inventory:

Hand Weapons
 a - a +0 hand axe (weapon)
 t - a +1 short sword of electrocution
 D - the +9 mace "Xocoez" {vamp, MR+, unknown}
   (You found it on level 7 of the Dungeon)

   It inflicts no extra harm, but heals its wielder when it wounds a living foe.
   It affects your resistance to hostile enchantments.
Armour
 b - a +0 animal skin
 v - a +0 ring mail (worn)
 x - a +2 leather armour of magic resistance
Jewellery
 k - a +4 ring of protection (left hand)
 m - a +6 ring of dexterity {unknown}
 C - an uncursed ring of wizardry {unknown}
Wands
 z - a wand of digging (3)
Scrolls
 d - 2 scrolls of teleportation {unknown}
 g - a scroll of remove curse {unknown}
 h - 3 scrolls of amnesia {unknown}
 j - a scroll of immolation {unknown}
 l - 3 scrolls of magic mapping {unknown}
 p - 2 scrolls of enchant weapon {unknown}
 w - 3 scrolls of noise
 y - a scroll of fear {unknown}
 E - a scroll of fog {unknown}
Potions
 e - 3 potions of curing {unknown}
 f - a potion of heal wounds
 i - a potion of might {unknown}
 n - a potion of berserk rage {unknown}
 o - a potion of resistance {unknown}
 q - 2 potions of lignification {unknown}
 r - 2 potions of ambrosia {unknown}
 s - 2 potions of haste {unknown}
 u - a potion of experience {unknown}
 A - a potion of degeneration {unknown}
 B - a potion of flight {unknown}
Comestibles
 c - 7 rations


   Skills:
 + Level 7.3 Fighting
 + Level 9.5 Axes
 + Level 6.5 Armour
 + Level 5.5 Dodging
 + Level 2.1 Stealth


You had 8 spell levels left.
You didn't know any spells.
Your spell library was empty.

Dungeon Overview and Level Annotations

Branches:
Dungeon (7/15)             Temple (0/1) D:4

Altars:
Ashenzari
Nemelex Xobeh
Okawaru
Qazlal
Ru
Wu Jian
Xom

Annotations:
D:7 1 transporter, ma3's ghost, amateur GrFi


Innate Abilities, Weirdness & Mutations

You reflexively headbutt those who attack you in melee.
You have a pair of horns on your head.


Message History

You barely miss the killer bee.
The killer bee is lightly wounded.
You closely miss the killer bee. You miss the killer bee.
You closely miss the killer bee.
* * * LOW HITPOINT WARNING * * *
You feel sick. The killer bee barely misses you. x2
The killer bee misses you. The killer bee closely misses you.
The killer bee completely misses you. The killer bee closely misses you. x2
You closely miss the killer bee.
The killer bee is lightly wounded.
You miss the killer bee. You slash the killer bee!
You feel the power of Trog in you as your rage grows.
You kill the killer bee!
Trog accepts your kill.
You have reached level 9!
Your experience leads to an increase in your attributes!
Increase (S)trength, (I)ntelligence, or (D)exterity?
You feel stronger.
You barely miss the killer bee.
You die...

#......###.###...#
#.[...####### ....
#....###y# #.# ..
###..##W..# ..# ..
#..##.#.## .# .
#..##...#...##.#####
#..#y#.#.#.#.#......
#..#y.#...#y†#..#
#.©#y.#.# #.@#©.#
##.#yy# #yy#.##
#.#$#.# #.#.#.#
#.##y..#...##.# #.#
.#%#. # . #.# .. #.
.. #.# .## .. #..
..#


You could see 3 killer bees.

Vanquished Creatures
  A hornet (D:7)
  Eustachio (D:5)
  Menkaure (D:5)
  A phantom (D:6)
  3 ogres
  2 ice beasts
  2 jellies
  2 scorpions
  7 killer bees (D:7)
  2 electric eels (D:6)
  A centaur zombie (D:6)
  A hound (D:4)
  A centaur skeleton (D:5)
  2 orc wizards
  A worker ant (D:6)
  A hound skeleton (D:5)
  A worker ant zombie (D:5)
  8 gnolls
  6 adders
  A shadow imp (D:5)
  5 oozes
  An adder skeleton (D:4)
  4 worms
  3 leopard geckos
  13 orcs
  2 ball pythons
  5 giant cockroaches
  13 goblins
  3 hobgoblins
  A jackal (D:2)
  4 bats
  7 frilled lizards
  4 kobolds
  2 rats (D:2)
112 creatures vanquished.

Notes
Turn   | Place    | Note
-------+----------+-------------------------------------------
     0 | D:1      | Madoushi the Minotaur Berserker began the quest for the
                  | Orb.
     0 | D:1      | Reached XP level 1. HP: 19/19 MP: 0/0
   200 | D:1      | Reached XP level 2. HP: 27/27 MP: 1/1
   237 | D:1      | Reached skill level 4 in Axes
  1307 | D:2      | Reached XP level 3. HP: 24/33 MP: 2/2
  1479 | D:2      | Found a shattered altar of Ashenzari.
  1495 | D:2      | Found an iron altar of Okawaru.
  1499 | D:2      | Found a sparkling altar of Nemelex Xobeh.
  2143 | D:2      | Reached XP level 4. HP: 31/41 MP: 3/3
  2376 | D:2      | Found a sacrificial altar of Ru.
  2430 | D:2      | Found a shimmering altar of Xom.
  2481 | D:2      | Reached ** piety under Trog
  2481 | D:2      | Reached skill level 5 in Axes
  3596 | D:3      | Found an iron altar of Okawaru.
  3623 | D:3      | Reached skill level 5 in Fighting
  3623 | D:3      | Reached XP level 5. HP: 40/48 MP: 4/4
  4033 | D:4      | Found a staircase to the Ecumenical Temple.
  4046 | D:4      | Reached skill level 6 in Axes
  4283 | D:4      | Found an ornate altar of the Wu Jian Council.
  4346 | D:4      | Reached XP level 6. HP: 33/56 MP: 5/5
  4895 | D:4      | Reached skill level 1 in Stealth
  5018 | D:5      | Entered Level 5 of the Dungeon
  5018 | D:5      | Found a shimmering altar of Xom.
  5018 | D:5      | Noticed an ice beast
  5039 | D:5      | Killed an ice beast
  5039 | D:5      | Reached skill level 7 in Axes
  5083 | D:5      | Reached XP level 7. HP: 38/62 MP: 6/6
  5244 | D:5      | Found a sparkling altar of Nemelex Xobeh.
  5392 | D:5      | Noticed Menkaure
  5396 | D:5      | Killed Menkaure
  5527 | D:5      | Noticed Eustachio
  5565 | D:5      | Killed Eustachio
  5565 | D:5      | Reached skill level 8 in Axes
  5951 | D:6      | Reached *** piety under Trog
  6156 | D:6      | Found a stormy altar of Qazlal.
  6173 | D:6      | Found a shimmering altar of Xom.
  6202 | D:6      | Reached XP level 8. HP: 71/71 MP: 7/7
  6269 | D:6      | Paralysed by fainting for 7 turns
  6331 | D:6      | Reached skill level 5 in Armour
  6601 | D:6      | Reached skill level 5 in Dodging
  6927 | D:7      | Got an ichor-stained mace
  7054 | D:7      | Reached skill level 9 in Axes
  7058 | D:7      | Noticed ma3's ghost (amateur GrFi)
  7064 | D:7      | Noticed a hornet
  7084 | D:7      | Found a transporter.
  7346 | D:7      | Found a transporter.
  7358 | D:7      | Paralysed by a hornet for 3 turns
  7367 | D:7      | Killed a hornet
  7367 | D:7      | HP: 2/109 [killer bee (5)]
  7369 | D:7      | Reached XP level 9. HP: 1/79 MP: 8/8
  7369 | D:7      | Succumbed to a killer bee's poison

Illustrated notes

Levels and vault maps discovered:
D:1:      dpeg_arrival_long_road, layout_basic, serial_bayou_pond_e
D:2:      layout_loops_corners, minmay_overflow_temple_star_quad,
          lemuel_doored_altar, lemuel_round_altar, minmay_quadrilaterals
D:3:      layout_basic, first_ration, okawaru_altar_gauntlet_db
D:4:      layout_gridville, old_standard_altar, minmay_temple_entry_slanted
D:5:      layout_rooms, basic_altar, minmay_misc_feat_secret_circle,
          nemelex_altar_shiori, uniq_menkaure, uniq_eustachio
D:6:      layout_gridville, grunt_qazlal_sundering, basic_altar,
          hangedman_abyss_or_decor_stabs, chequers_avenue, serial_bayou_lagoon_a
D:7:      layout_basic, gammafunk_ghost_hive, grunt_livestock,
          minmay_crossroads, uniq_harold

Skill      XL: |  1  2  3  4  5  6  7  8 |
---------------+-------------------------+-----
Fighting       | 4 5 6 7 |  7.3
Axes           | 4 5 6 7 8 9 |  9.5
Dodging        | 3 4 5 |  5.5
Stealth        | 1 2 |  2.1
Armour         | 4 6 |  6.5

Action                   |  1- 3 |  4- 6 |  7- 9 || total
-------------------------+-------+-------+-------++-------
Melee: Hand axe          |    77 |   119 |   147 ||   343
       Headbutt          |     9 |    21 |    33 ||    63
Invok: Berserk           |       |     2 |     3 ||     5
       Trog's Hand       |       |     1 |     1 ||     2
  Use: Scroll            |       |       |     3 ||     3
       Potion            |       |       |     1 ||     1
  Eat: Chunk             |     4 |    10 |     7 ||    21
       Ration            |       |       |     1 ||     1
Armor: Animal skin       |     8 |    13 |       ||    21
       Ring mail         |       |     3 |    56 ||    59
Dodge: Dodged            |    46 |    92 |   103 ||   241
